Map: [ESL] Dragon Scales

Players

Cow (PiG) - Winner!

  • Race: Terran Terran
  • League: Grandmaster
  • Spawn Location: 5:00

Darkmatter

  • Race: Zerg Zerg
  • League: Silver
  • Spawn Location: 11:00

VOD

https://www.youtube.com/playlist?list=PLOrKQEirgvjBrkg_LERyoNc_WYX2C2tgI

Description

Time

  • Played on: July 18, 2023, 8:17 p.m.
  • Length: 18:44
Show
View Real Time Build Order
Export as new Build Order

Cow Terran - Winner!

Build Orders:  

Get SALT Encoding   

  12  0:00  SCV  
  13  0:12  SCV  
  14  0:17  Supply Depot  
  14  0:25  SCV  
  15  0:38  SCV  
  15  0:39  Barracks  
  16  0:44  Refinery  
  16  0:50  SCV  
  17  1:03  SCV  
  18  1:15  SCV  
  19  1:27  Orbital Command  
  19  1:28  Barracks Reactor  
  19  1:44  Command Center  
  19  1:55  SCV  
  20  2:04  Supply Depot  
  20  2:07  SCV  
  21  2:09  Marine x2  
  23  2:16  Factory  
  23  2:25  SCV  
  23  2:29  Bunker  
  24  2:32  Marine x2  
  26  2:38  SCV  
  26  2:42  Refinery  
  27  2:50  SCV  
  28  3:00  Orbital Command  
  28  3:02  SCV  
  28  3:03  Marine x2  
  28  3:05  Factory Tech Lab  
  31  3:09  Starport  
  31  3:14  SCV  
  32  3:26  SCV x2  
  34  3:28  Marine x2  
  39  3:34  Siege Tank  
  39  3:38  SCV x2  
  41  3:41  Supply Depot  
  41  3:48  Viking  
  43  3:50  SCV  
  43  3:52  Marine x2  
  46  4:03  SCV x2  
  46  4:04  Supply Depot  
  48  4:10  Marine x2  
  48  4:15  SCV x2  
  52  4:28  Supply Depot  
  52  4:32  SCV x2  
  52  4:35  Marine x2  
  52  4:36  Starport Reactor, Siege Tank  
  59  4:44  SCV x2  
  61  4:46  Supply Depot  
  61  4:50  Supply Depot  
  61  4:56  Barracks, SCV  
  61  4:57  SCV  
  63  5:01  Barracks  
  63  5:03  Barracks, Marine x2  
  63  5:05  Barracks  
  65  5:08  SCV  
  65  5:09  SCV  
  67  5:20  SCV  
  68  5:24  Supply Depot  
  68  5:28  Supply Depot  
  68  5:31  Engineering Bay  
  68  5:33  Refinery x2  
  68  5:44  SCV x2  
  68  5:47  Marine x2  
  68  5:48  Siege Tank  
  68  5:49  Medivac x2  
  79  5:56  SCV  
  80  6:01  Barracks Tech Lab  
  80  6:02  Barracks Tech Lab, Barracks Reactor x2  
  80  6:08  Marine x2  
  82  6:12  Supply Depot  
  82  6:14  Supply Depot  
  82  6:18  Terran Infantry Weapons Level 1  
  82  6:20  Siege Tank  
  85  6:26  Marine  
  85  6:27  Stimpack, Combat Shield  
  86  6:34  Marauder x2, Marine  
  86  6:35  Supply Depot  
  86  6:38  Supply Depot  
  91  6:44  Marine x5  
  96  6:52  Marine  
  97  6:54  Marine  
  97  6:55  Marine  
  97  6:58  Supply Depot  
  97  7:00  Supply Depot  
  81  7:02  Marine x5  
  81  7:06  SCV x2  
  85  7:10  Marine  
  85  7:12  Marine x2  
  91  7:15  Siege Tank  
  91  7:17  Medivac  
  91  7:18  SCV x2  
  91  7:20  Marine x2  
  91  7:21  Marine  
  98  7:30  SCV x2  
  98  7:31  Marauder x2  
  104  7:42  SCV x2  
  106  7:46  Concussive Shells  
  106  7:54  SCV  
  106  7:55  SCV  
  108  8:01  Marine x2, Marauder  
  108  8:02  Marauder, Marine x4  
  108  8:03  Siege Tank  
  108  8:04  Medivac x2  
  125  8:13  SCV  
  125  8:14  SCV  
  125  8:19  Marine x5  
  106  9:00  Marine x6, Marauder x2  
  106  9:01  Medivac, Siege Tank  
  121  9:17  Marine  
  121  9:18  Marine  
  121  9:21  Marauder x2  
  127  9:33  Siege Tank  
  127  9:36  Marine, Supply Depot x2  
  127  9:37  Marine x3, Supply Depot  
  134  9:42  Marine  
  134  9:54  Supply Depot  
  134  9:56  Supply Depot  
  134  9:57  Marine, Marauder x2  
  134  9:59  Marine  
  139  10:00  Marine x4  
  132  10:15  Marine  
  132  10:19  Marauder  
  133  10:21  Supply Depot  
  133  10:22  Supply Depot  
  111  11:19  Marine  
  111  11:20  Marine x7  
  118  11:28  Siege Tank  
  120  11:37  Marine x5  
  120  11:38  Marine x3  
  122  11:55  Marine x7  
  114  12:32  Marauder  
  114  12:33  Marauder, Marine x6  
  114  12:35  Siege Tank  
  127  12:51  Marine x6  
  127  12:53  Marine  
  127  12:54  Marauder  
  125  13:07  Siege Tank  
  125  13:09  Marine  
  127  13:13  Marauder  
  127  13:14  Marine x4  
  127  13:15  Marauder  
  134  13:35  Marauder  
  126  14:01  Medivac x2, Siege Tank  
  126  14:02  Marine x2, Marauder  
  136  14:03  Marine x4, Marauder  
  141  14:20  Marine x3  
  141  14:21  Marine  
  141  14:24  Marauder  
  147  14:30  Marauder, Marine  
  147  14:31  Marine  
  151  14:33  Siege Tank  
  151  14:38  Marine  
  151  14:45  Marauder  
  148  15:03  Marauder  
  148  15:06  Marine, Marauder  
  153  15:25  Marauder  
  153  15:28  Marauder  
  139  16:14  Marine x8  
  130  16:32  Marine x2  
Show
View Real Time Build Order
Export as new Build Order

Darkmatter Zerg 

Build Orders: Hatch First 

Get SALT Encoding   

  12  0:01  Drone  
  13  0:13  Overlord  
  13  0:17  Drone  
  14  0:31  Drone  
  14  0:32  Drone  
  16  0:53  Hatchery  
  16  0:54  Drone  
  16  0:56  Drone  
  17  1:00  Drone  
  18  1:05  Extractor  
  17  1:25  Spawning Pool, Drone x2  
  18  1:29  Drone  
  19  1:40  Drone  
  20  2:05  Overlord  
  20  2:06  Drone  
  20  2:07  Drone  
  22  2:11  Queen  
  22  2:13  Queen  
  22  2:15  Zergling x2  
  27  2:24  Metabolic Boost  
  27  2:28  Drone  
  27  2:29  Drone  
  29  2:33  Drone  
  30  2:38  Zergling x2  
  31  2:47  Drone x2  
  33  2:57  Hatchery  
  32  3:02  Overlord  
  32  3:11  Overlord  
  32  3:13  Lair  
  32  3:20  Zergling x2, Baneling Nest  
  32  3:21  Zergling x2  
  32  3:23  Drone  
  32  3:25  Drone  
  36  3:27  Drone  
  36  3:41  Drone x6  
  42  3:53  Drone  
  43  3:56  Drone  
  43  4:00  Spore Crawler  
  43  4:01  Extractor  
  43  4:02  Spore Crawler  
  41  4:04  Extractor  
  41  4:09  Baneling x2  
  40  4:12  Queen, Baneling  
  42  4:19  Extractor  
  41  4:40  Zergling x2  
  41  4:41  Zergling x6  
  41  4:44  Drone x3  
  48  4:48  Drone x2  
  50  4:55  Drone x3  
  53  5:00  Drone x3  
  53  5:01  Drone x2  
  58  5:11  Overseer  
  58  5:25  Centrifugal Hooks  
  58  5:27  Overlord x5  
  58  5:35  Overseer  
  58  5:45  Drone x3  
  61  5:58  Zergling x2  
  61  5:59  Zergling x28  
  76  6:07  Baneling x5  
  76  6:09  Hatchery  
  76  6:10  Zergling x6  
  78  6:18  Hatchery  
  77  6:29  Overseer  
  77  6:31  Evolution Chamber  
  76  6:39  Evolution Chamber  
  56  7:04  Zergling x36  
  70  7:13  Drone  
  70  7:14  Drone  
  72  7:19  Baneling x6  
  72  7:20  Zerg Melee Weapons Level 1  
  72  7:21  Zerg Ground Armor Level 1  
  72  7:25  Queen  
  74  7:30  Baneling  
  74  7:31  Baneling x17  
  74  7:38  Queen  
  74  7:40  Queen  
  78  7:54  Drone  
  78  7:55  Drone x4  
  78  7:56  Drone  
  78  7:57  Drone x10  
  94  8:09  Overseer  
  94  8:10  Overseer  
  79  8:39  Zergling x2  
  79  8:40  Zergling x36  
  92  8:57  Spire  
  91  9:12  Extractor  
  91  9:14  Extractor  
  91  9:16  Baneling x15  
  89  9:22  Hatchery, Drone  
  89  9:23  Drone x2  
  91  9:27  Zerg Melee Weapons Level 2  
  91  9:28  Zerg Ground Armor Level 2  
  91  9:32  Spore Crawler  
  90  9:48  Zergling x8  
  90  9:50  Overlord x5  
  79  10:15  Zergling x4  
  79  10:16  Zergling x56  
  106  10:22  Overseer x2  
  106  10:24  Pneumatized Carapace  
  106  10:26  Burrow  
  106  10:27  Baneling x10  
  106  10:37  Queen  
  106  10:41  Drone x13  
  121  10:43  Baneling x6  
  121  10:44  Baneling x9  
  91  11:09  Zergling x32  
  91  11:10  Zergling x4  
  98  11:21  Zergling x14  
  93  11:33  Zergling x14  
  93  11:39  Overlord x2  
  92  11:43  Zergling x8  
  92  11:45  Baneling x11  
  96  11:51  Drone  
  96  11:52  Drone x2  
  96  11:53  Baneling  
  96  11:54  Baneling  
  99  12:00  Zergling x16  
  99  12:01  Zergling x14  
  114  12:03  Baneling x10  
  101  12:27  Zergling x32  
  101  12:28  Zergling x6  
  100  12:32  Zergling x18  
  107  12:39  Overlord  
  107  12:46  Queen  
  107  12:47  Zergling x2  
  107  12:49  Overlord x5  
  107  12:50  Overlord x3  
  91  13:05  Zergling x30  
  80  13:10  Queen  
  80  13:12  Drone x3  
  87  13:15  Zergling x2  
  87  13:16  Zergling x10  
  92  13:27  Baneling  
  92  13:28  Baneling x15  
  85  13:46  Queen  
  79  13:55  Zergling x22  
  71  13:56  Zergling x22  
  86  14:13  Zergling x18  
  86  14:14  Zergling x2  
  91  14:18  Queen  
  87  14:30  Zergling x20  
  87  14:35  Zergling x2  
  86  14:38  Zergling x2  
  86  14:39  Zergling x8  
  86  14:44  Drone x14  
  91  14:47  Zergling x2  
  91  14:48  Zergling x8  
  96  15:02  Spore Crawler  
  96  15:03  Baneling x4  
  96  15:06  Zergling x8  
  95  15:28  Zergling x22  
  105  15:36  Baneling  
  105  15:37  Baneling x7  
  105  15:38  Baneling  
  105  15:39  Baneling  
  105  15:43  Baneling x4  
  105  15:47  Zergling x2  
  105  15:48  Zergling x2  
  107  15:55  Zergling x6  
  98  16:12  Zergling x2  
  98  16:13  Zergling x14  
  88  16:20  Zergling x4  
  88  16:25  Zergling x2  
  67  16:44  Zergling x4  
  67  16:45  Zergling x2  
  48  17:04  Baneling x3  
  48  17:05  Baneling x2  
Tags
 
Add a new tag
Caveats
  • Supply blocks, unpowered buildings, or Contaminate may cause inaccurate times.
  • Supply counts are checked every 10 seconds.